[Event "26th Hit Open-A 2022"]
[Site "Nova Gorica"]
[Date "2022.09.19"]
[Round "6.28"]
[White "Bauer, Thomas"]
[Black "Hercog, Nusa"]
[Result "0-1"]
[ECO "B11"]
[WhiteElo "2200"]
[BlackElo "2019"]
[Annotator "RC"]
[PlyCount "106"]
[EventDate "2022.09.16"]
[EventType "swiss"]
[EventCountry "SLO"]
[SourceTitle "playchess.com"]
[Source "ChessBase"]
[SourceQuality "1"]
[TimeControl "5400+30"]

1. e4 c6 2. Nf3 d5 3. Nc3 Bg4 4. h3 Bxf3 5. Qxf3 e6 6. g3 Nf6 7. Bg2 Bc5 8. O-O O-O 9. a4 Nbd7 10. d3 Re8 11. Qe2 Qc7 12. Kh1 Bd4 13. Nd1 dxe4 14. dxe4 e5 15. Qc4 a5 16. Ra3 Rad8 17. Bg5 h6 18. Bc1 Nf8 19. Rb3 Ne6 20. c3 Ba7 21. Be3 Bxe3 22. Nxe3 Rd2 23. h4 b6 24. Ra3 Rxb2 25. Rb3 Rd2 26. Rbb1 Nc5 27. Kg1 Red8 28. Bf3 Ne8 29. Nf5 Nd6 30. Nxd6 R8xd6 31. Rfe1 Qd8 32. Re3 R6d3 33. Bh5 Qf6 34. Re2 Rd1+ 35. Re1 Rxe1+ 36. Rxe1 Rd2 37. f4 g6 38. Bg4 Qd6 39. Re3 Rb2 40. fxe5 Qd2 41. Re2 Rb1+ 42. Kg2 Qc1 43. Kf3 Qf1+ 44. Ke3 Rd1 45. e6 Qg1+ 46. Rf2 Qxg3+ 47. Rf3 Qe1+ 48. Kf4 Qd2+ 49. Re3 Qh2+ 50. Kf3 Qh1+ 51. Kf4 Qh2+ 52. Rg3 Nd3+ 53. Kf3 Qf2# 0-1

[Event "26th Hit Open-A 2022"]
[Site "Nova Gorica"]
[Date "2022.09.19"]
[Round "6.29"]
[White "Budai, Leonardo"]
[Black "Saypuri Srithan"]
[Result "1/2-1/2"]
[ECO "C42"]
[WhiteElo "1676"]
[BlackElo "2199"]
[Annotator "RC"]
[PlyCount "107"]
[EventDate "2022.09.16"]
[EventType "swiss"]
[EventCountry "SLO"]
[SourceTitle "playchess.com"]
[Source "ChessBase"]
[SourceQuality "1"]
[TimeControl "5400+30"]

1. e4 e5 2. Nf3 Nf6 3. Nc3 Bb4 4. Bc4 Bxc3 5. dxc3 d6 6. Bg5 h6 7. Bxf6 Qxf6 8. h3 a6 9. a3 Nc6 10. Qe2 Ne7 11. O-O-O Be6 12. Bxe6 Qxe6 13. Kb1 O-O-O 14. Nd2 Ng6 15. g3 f5 16. Nb3 Rhf8 17. Rd2 Ne7 18. exf5 Qxf5 19. h4 Qf3 20. Qxf3 Rxf3 21. Re1 Rdf8 22. Ree2 Ng8 23. Nc1 Nf6 24. c4 Ng4 25. Nd3 b6 26. a4 a5 27. b3 Kb7 28. Kc1 g5 29. hxg5 hxg5 30. Kd1 Rh8 31. Kc1 Rh2 32. Kb1 Rf7 33. Ka2 Rh1 34. Kb2 Rf1 35. Ka2 Kc6 36. Kb2 Rf8 37. Ka2 Rh8 38. Kb2 Rhh1 39. Kc3 Nf6 40. b4 e4 41. b5+ Kb7 42. Nb2 Kc8 43. Kd4 Kd7 44. c3 Ke6 45. Rc2 Kf5 46. Rcd2 Rhg1 47. Rc2 Rh1 48. Rcd2 Rb1 49. Rc2 Ra1 50. Rcd2 Raf1 51. Rc2 Ke6 52. Rcd2 Kd7 53. Rc2 Ra1 54. Rcd2 1/2-1/2

[Event "26th Hit Open-A 2022"]
[Site "Nova Gorica"]
[Date "2022.09.19"]
[Round "6.30"]
[White "Gschiel, Alexander"]
[Black "Goroshkova, Liudmila"]
[Result "1-0"]
[ECO "E07"]
[WhiteElo "2196"]
[BlackElo "1961"]
[Annotator "ChessBase"]
[PlyCount "120"]
[EventDate "2022.09.16"]
[EventType "swiss"]
[EventCountry "SLO"]
[SourceTitle "playchess.com"]
[Source "ChessBase"]
[SourceQuality "1"]
[TimeControl "5400+30"]

1. d4 d5 2. c4 e6 3. Nf3 Nf6 4. g3 Be7 5. Bg2 O-O 6. O-O c6 7. Nc3 Nbd7 8. Qd3 Re8 9. e4 dxc4 10. Qxc4 Nf8 11. Rd1 b5 12. Qe2 b4 13. Na4 Qa5 14. b3 Ba6 15. Qc2 Qh5 16. h3 N6d7 17. Be3 Rac8 18. Nc5 Bb5 19. a4 bxa3 20. Rxa3 a6 21. b4 e5 22. d5 cxd5 23. exd5 e4 24. Ne1 Nxc5 25. g4 Ba4 26. gxh5 Bxc2 27. Nxc2 Nd3 28. Bxe4 Nxb4 29. d6 Bxd6 30. Rxd6 Rxe4 31. Nd4 Ne6 32. Nf5 Re8 33. Rd7 Nf8 34. Rb7 Nc2 35. Rxa6 Nxe3 36. fxe3 R4e5 37. Nd6 Rd8 38. Nxf7 Rd1+ 39. Kf2 Rf5+ 40. Ke2 Rg1 41. Nd6 Rg2+ 42. Kd3 Rxh5 43. Ne4 Rxh3 44. Ra8 Rf3 45. Rbb8 h5 46. Nc5 Rgf2 47. Ne6 Rf6 48. Nf4 h4 49. Rb7 R2xf4 50. exf4 Rxf4 51. Ke3 Rf6 52. Rb4 g5 53. Rb5 Rg6 54. Kf3 g4+ 55. Kg2 Kg7 56. Rb7+ Kg8 57. Rbb8 Rf6 58. Rb4 h3+ 59. Kg3 Rg6 60. Rf4 h2 1-0

[Event "26th Hit Open-A 2022"]
[Site "Nova Gorica"]
[Date "2022.09.19"]
[Round "6.31"]
[White "Zlatanovic, Marcus"]
[Black "Marchesich, Giovanni"]
[Result "1/2-1/2"]
[ECO "B12"]
[WhiteElo "1636"]
[BlackElo "2189"]
[Annotator "ChessBase"]
[PlyCount "26"]
[EventDate "2022.09.16"]
[EventType "swiss"]
[EventCountry "SLO"]
[SourceTitle "playchess.com"]
[Source "ChessBase"]
[SourceQuality "1"]
[TimeControl "5400+30"]

1. e4 c6 2. d4 d5 3. e5 Bf5 4. h4 c5 5. dxc5 Nc6 6. a3 Nxe5 7. b4 h5 8. Bb2 Ng6 9. Nf3 a6 10. Nc3 e6 11. Na4 Bg4 12. Nb6 Bxf3 13. Qxf3 Rb8 1/2-1/2

[Event "26th Hit Open-A 2022"]
[Site "Nova Gorica"]
[Date "2022.09.19"]
[Round "6.32"]
[White "Thuesen, Mogens"]
[Black "Charaus, Florian"]
[Result "0-1"]
[ECO "B10"]
[WhiteElo "2242"]
[BlackElo "1993"]
[Annotator "RC"]
[PlyCount "132"]
[EventDate "2022.09.16"]
[EventType "swiss"]
[EventCountry "SLO"]
[SourceTitle "playchess.com"]
[Source "ChessBase"]
[SourceQuality "1"]
[TimeControl "5400+30"]

1. e4 c6 2. c4 d5 3. exd5 cxd5 4. cxd5 Nf6 5. Nc3 g6 6. Bb5+ Bd7 7. Qb3 Bg7 8. Bxd7+ Qxd7 9. Nf3 O-O 10. O-O Na6 11. d4 b5 12. Ne5 Qb7 13. Bg5 Nc7 14. d6 Ne6 15. dxe7 Qxe7 16. Nd5 Qd6 17. Bxf6 Nxd4 18. Ne7+ Kh8 19. Nxf7+ Rxf7 20. Qxf7 Bxf6 21. Rfe1 Bg7 22. Rad1 Rf8 23. Qd5 Qf4 24. f3 Qf6 25. Re4 Nc2 26. Qc5 Qxb2 27. Nxg6+ hxg6 28. Rh4+ Kg8 29. Qd5+ Rf7 30. Qe6 Qf6 31. Qe8+ Rf8 32. Qe4 Qb6+ 33. Kh1 Ne3 34. Re1 Nf5 35. Qd5+ Rf7 36. Rhe4 Qf6 37. Qxb5 Qg5 38. Qb8+ Bf8 39. Rg4 Qh6 40. Qb3 Bd6 41. Re8+ Kg7 42. Qc3+ Rf6 43. h3 Ng3+ 44. Kg1 Kf7 45. Qc8 Nf5 46. Re1 Ne7 47. Qc4+ Kg7 48. Rd4 Qg5 49. Rg4 Qc5+ 50. Qxc5 Bxc5+ 51. Kf1 Nf5 52. Ke2 Ra6 53. a4 Bd4 54. Kd3 Rxa4 55. Re6 Ra3+ 56. Kd2 Ra2+ 57. Kc1 Bf6 58. g3 a5 59. Rc4 Ra1+ 60. Kd2 Ra2+ 61. Ke1 Ra1+ 62. Kd2 Ra2+ 63. Kc1 Ra1+ 64. Kc2 Kf7 65. Rcc6 Nd4+ 66. Kb2 Nxe6+ 0-1

[Event "26th Hit Open-A 2022"]
[Site "Nova Gorica"]
[Date "2022.09.19"]
[Round "6.33"]
[White "Di Lascio, Savino"]
[Black "Beliavsky, Alexander G"]
[Result "0-1"]
[ECO "A07"]
[WhiteElo "1793"]
[BlackElo "2505"]
[Annotator "TA"]
[PlyCount "84"]
[EventDate "2022.09.16"]
[EventType "swiss"]
[EventCountry "SLO"]
[SourceTitle "playchess.com"]
[Source "ChessBase"]
[SourceQuality "1"]
[TimeControl "5400+30"]

1. Nf3 d5 2. g3 g6 3. Bg2 Bg7 4. O-O e5 5. d3 Ne7 6. Nbd2 O-O 7. c4 {[%emt 0:00:13] CPLX 2.0 20 (c2-c3) (=20). A07: Réti Opening: New York and Capablanca Systems.} Nbc6 {[%emt 0:01:07] CPLX 2.2 11 (c7-c6) (=6)} 8. a3 {[%emt 0:00:39] CPLX 2.2 11 (c4xd5) (=16)} a5 {[%emt 0:01:59] CPLX 2.2 6 (d5xc4) (=6)} 9. Rb1 {[%emt 0:01:25] CPLX 2.2 7 (c4xd5) (=13). The position is equal.} dxc4 {[%emt 0:06:39] BESTDEEP} 10. Nxc4 {[%emt 0:00:28] RECAPT} Be6 {[%emt 0:02:39] [#] CPLX 2.3 18 (Bc8-f5) (=7)} 11. Qa4 $146 {[%emt 0:03:07] CPLX 2.4 38 (b2-b4) (=15)} ({Predecessor:} 11. Qc2 a4 12. Bg5 h6 13. Bd2 Qd7 14. Rfc1 Kh7 15. b4 axb3 16. Rxb3 Ra7 17. Rbb1 {1-0 (44) Javakhadze,Z (2454)-Gharibyan,M (2433) Chess.com INT 2020}) 11... Qc8 {[%emt 0:04:20] CPLX 2.5 22 (Qd8-d7) (=10)} 12. Bg5 {[%emt 0:01:43] CPLX 2.5 25 (Rf1-e1) (=17)} Nf5 {[%emt 0:01:37] BESTDEEP} 13. Be3 {[%emt 0:00:55] BESTDEEP} Rb8 {[%emt 0:06:23] Strongly threatening ...b5. CPLX 2.7 19 (Qc8-b8) (=10)} 14. Qb5 {[%emt 0:04:35] CPLX 2.7 38 (Qa4-c2) (=17)} Bd7 {[%emt 0:01:54][%cal Oa5a4] BESTDEEP} 15. Qb3 {[%emt 0:01:01] BESTDEEP} a4 {[%emt 0:05:55] CPLX 2.5 0 (b7-b5) (=8)} 16. Qc2 {[%emt 0:02:20] BESTDEEP} Re8 {[%emt 0:00:40] CPLX 2.6 15 (b7-b5) (=8)} 17. b4 {[%emt 0:02:51] CPLX 2.6 3 (b2-b3) (=13)} axb3 {[%emt 0:03:11] BESTDEEP} 18. Rxb3 {[%emt 0:02:52] CPLX 3.4 27 (Qc2xb3) (=14)} Ncd4 $36 {[%emt 0:04:29][%mdl 2048] Black has strong initiative. CPLX 2.6} 19. Bxd4 {[%emt 0:00:21] CPLX 3.6} exd4 {[%emt 0:00:08] RECAPT} 20. Rbb1 {[%emt 0:06:20] CPLX 2.4 0 (Rb3-b2) (=12)} b5 {[%emt 0:11:03] Against a4. CPLX 2.4} 21. Na5 {[%emt 0:03:20] [#] Black continues to play with concentration. CPLX 2.5 94 (Nc4-d2) (=18)} ({White should play} 21. Ncd2 $15) 21... c5 $1 $17 {[%emt 0:00:25][%cal Oc5c4] CPLX 2.3=>BLUNDERREACT} 22. Ng5 {[%emt 0:03:14][%cal Oa3a4] CPLX 2.3 26 (Rf1-c1) (=18)} Qd8 {[%emt 0:01:03] CPLX 3.2 30 (Nf5-d6) (=7)} 23. Nc6 {[%emt 0:01:35] CPLX 3.7 45 (Bg2-c6) (=20)} Qxg5 {[%emt 0:01:32] CPLX 4.2} 24. Nxb8 {[%emt 0:01:03] EASY} Rxb8 {[%emt 0:00:04] RECAPT} 25. Qxc5 {[%emt 0:00:27] EASY} Rc8 {[%emt 0:00:59] CPLX 3.8} 26. Qa7 {[%emt 0:01:57] CPLX 4.1 0 (Qc5-b6) (=17)} Be8 {[%emt 0:01:20] CPLX 3.7 0 (Qg5-d8) (=6)} 27. Qa6 {[%emt 0:08:19] BESTDEEP} Qd8 {[%emt 0:04:03] BESTDEEP} 28. Rbc1 {[%emt 0:01:42] CPLX 3.4 18 (Bg2-e4) (=16)} Rc3 {[%emt 0:00:55] CPLX 3.6} 29. Rb1 {[%emt 0:04:53] CPLX 3.6 26 (Rc1-a1) (=16)} Bf8 {[%emt 0:01:25] BESTDEEP} 30. Ra1 {[%emt 0:01:36] CPLX 3.6 1 (Rb1xb5) (=16)} Ng7 {[%emt 0:00:24][%cal Bf5g7,Bg7e6,Be6d4,Bd4e2][%mdl 32] CPLX 3.4 5 (h7-h5) (=5)} 31. Rfc1 {[%emt 0:01:13] MISSDEEP-a3-a4 67 (a3-a4) (=18)} Ne6 {[%emt 0:01:07] Threatens to win with ...Nc5. CPLX 3.5} 32. Rxc3 {[%emt 0:01:16] CPLX 3.6 383 (Qa6-b7) (=32)} (32. Qb7) 32... dxc3 $19 {[%emt 0:00:04] RECAPT} 33. Bc6 {[%emt 0:00:53] CPLX 3.6 400 (e2-e3) (=46)} Nd4 {[%emt 0:01:54] EASY} 34. Bxe8 {[%emt 0:01:09] CPLX 4.1 0 (Bc6-e4) (=44)} Nxe2+ {[%emt 0:01:28][%mdl 64] Discovered Attack. CPLX 4.1} 35. Kf1 {[%emt 0:04:57] CPLX 3.5 3 (Kg1-g2) (=42)} Qxe8 {[%emt 0:00:05] EASY} 36. Qa5 {[%emt 0:00:43] CPLX 3.9 262 (a3-a4) (=50)} Bh6 {[%emt 0:02:21] CPLX 3.8 400 (c3-c2) (=17)} (36... c2 $142 37. Qe1 Qe5) 37. f4 {[%emt 0:05:15] RELBLUND 400 (Ra1-a2) (=61)} Qe3 {[%emt 0:01:55] CPLX 3.9=>BLUNDERREACT} 38. Qc7 {[%emt 0:07:57] RELBLUND 400 (Qa5-a8) (=72)} Qxd3 {[%emt 0:03:47] RELBLUND 400 (Qe3-f3) (=28)} (38... Qf3+ $142 39. Ke1 {[#]} Nc1 $1 40. Rxc1 Qe3+ 41. Kf1 Qxc1+ 42. Kg2 Qd2+ 43. Kh3 c2 44. Qc8+ Bf8 45. a4 b4 46. Kg4 Qd1+ 47. Kh3 c1=Q 48. Qxc1 Qxc1 49. Kg2 b3 50. f5 gxf5 51. Kf3 Qf1+ 52. Ke3 b2 53. h3 b1=Q 54. Kd4 Qfxd3+ 55. Ke5 Qd6#) 39. Kf2 {[%emt 0:01:18] CPLX 6.1 0 (Kf1-g2) (=70)} Nd4 {[%emt 0:03:58] ( -> ...Qf3+). DEEPSTRONG} 40. Qc8+ {[%emt 0:04:50] MISS-Kf2-g1 400 (Kf2-g1) (=79)} Bf8 {[%emt 0:00:12] CPLX 5.4. Black mates.} 41. Qg4 {[%emt 0:00:21] RELBLUND 3 (Kf2-g2) (=77)} Qd2+ {[%emt 0:00:55] BESTDEEP} 42. Kg1 {[%emt 0:02:51] RELBLUND} c2 {[%emt 0:01:09] Weighted Error Value: White=0.87/Black=0.33} 0-1

[Event "26th Hit Open-A 2022"]
[Site "Nova Gorica"]
[Date "2022.09.19"]
[Round "6.34"]
[White "Ivsek, Cveto"]
[Black "Mostbauer, Florian"]
[Result "0-1"]
[ECO "D00"]
[WhiteElo "1763"]
[BlackElo "2295"]
[Annotator "TA"]
[PlyCount "84"]
[EventDate "2022.09.16"]
[EventType "swiss"]
[EventCountry "SLO"]
[SourceTitle "playchess.com"]
[Source "ChessBase"]
[SourceQuality "1"]
[TimeControl "5400+30"]

1. d4 d5 2. Bf4 Nf6 3. Nc3 Bf5 4. e3 e6 5. Bd3 Bg6 6. Bxg6 {[%emt 0:04:21] D00: 1 d4 d5: Unusual lines.} hxg6 7. Nb5 $1 Bd6 8. Nxd6+ {[%emt 0:09:53] The position is equal.} cxd6 {[%emt 0:00:11] [#]} 9. c3 $146 ({Predecessor:} 9. Qd3 O-O 10. Nf3 Nc6 11. O-O Re8 12. Rfe1 e5 13. dxe5 dxe5 14. Bxe5 Nxe5 15. Qd4 Nxf3+ 16. gxf3 {½-½ (51) Steven,J (930)-Evers,A Rotenburg/Wuemme 2006}) 9... Nc6 10. Nf3 Ne4 11. Nd2 g5 12. Bg3 Nxg3 13. fxg3 f5 14. g4 f4 (14... g6 $11) 15. Qf3 O-O 16. O-O Qb6 17. b3 Rae8 18. Kh1 (18. Qh3 {looks sharper.} Nd8 19. exf4 Rxf4 20. Qh5) 18... Qa5 19. b4 Qc7 20. e4 Qf7 21. exd5 exd5 22. Rae1 Nb8 {[%emt 0:00:06] [#]} ({Black should try} 22... g6 $14) 23. Qd3 $1 $16 {[%emt 0:01:06] Hoping for Nf3.} Nd7 {[%emt 0:07:18] [#]} 24. Nf3 $1 Rxe1 (24... Re3 $16 {is a better defense.} 25. Rxe3 fxe3) 25. Rxe1 $18 Nf6 26. Nxg5 Re8 27. Rxe8+ (27. Re2 $18 Rxe2 28. Qxe2) 27... Qxe8 {[%emt 0:00:06][%mdl 4096] Endgame KQN-KQN} 28. h3 {[%emt 0:05:54] aiming for Qd2.} Ne4 {[%emt 0:07:22] Prevents Qd2.} 29. Nxe4 dxe4 $11 {[%emt 0:00:06][%cal Bd5e4,Be4e3,Be3e2][%mdl 32] KQ-KQ} 30. Qc4+ Kh7 31. Qd5 $2 (31. Kg1 $11) 31... e3 $19 {[%emt 0:00:23] ...e2 is the strong threat.} 32. Qf5+ g6 33. Qb1 e2 {[%emt 0:00:52] Black mates.} 34. Qe1 b5 35. a3 Qe3 36. g5 Kg7 37. h4 Kg8 38. d5 a6 39. c4 bxc4 40. a4 c3 41. b5 axb5 42. axb5 c2 {[%emt 0:00:20] Weighted Error Value: White=0.52/Black=0.12 (very precise)} 0-1

[Event "26th Hit Open-A 2022"]
[Site "Nova Gorica"]
[Date "2022.09.19"]
[Round "6.35"]
[White "Chkhaidze, Nikoloz"]
[Black "Rigatti, Giorgio"]
[Result "1-0"]
[ECO "D97"]
[WhiteElo "2239"]
[BlackElo "1763"]
[Annotator "RC"]
[PlyCount "61"]
[EventDate "2022.09.16"]
[EventType "swiss"]
[EventCountry "SLO"]
[SourceTitle "playchess.com"]
[Source "ChessBase"]
[SourceQuality "1"]
[TimeControl "5400+30"]

1. d4 Nf6 2. c4 g6 3. Nc3 d5 4. Nf3 Bg7 5. Qb3 dxc4 6. Qxc4 O-O 7. e4 a6 8. Be2 b5 9. Qb3 c5 10. dxc5 Qc7 11. O-O Nbd7 12. e5 Nxe5 13. Bf4 Nxf3+ 14. Bxf3 Qxf4 15. Bxa8 Ng4 16. g3 Qh6 17. h4 g5 18. Nd5 gxh4 19. Nxe7+ Kh8 20. Rae1 hxg3 21. Qxg3 Be6 22. Bd5 Bxd5 23. Nxd5 f5 24. Kg2 Bd4 25. Rh1 Qd2 26. Re7 Bg7 27. Nf4 Rf6 28. Re8+ Bf8 29. Rxf8+ Rxf8 30. Ng6+ Kg8 31. Nxf8 1-0

[Event "26th Hit Open-A 2022"]
[Site "Nova Gorica"]
[Date "2022.09.19"]
[Round "6.36"]
[White "Lohia, Sohum"]
[Black "Novak, Rok"]
[Result "1-0"]
[ECO "B12"]
[WhiteElo "2185"]
[BlackElo "1763"]
[Annotator "ChessBase"]
[PlyCount "69"]
[EventDate "2022.09.16"]
[EventType "swiss"]
[EventCountry "SLO"]
[SourceTitle "playchess.com"]
[Source "ChessBase"]
[SourceQuality "1"]
[TimeControl "5400+30"]

1. e4 c6 2. d4 d5 3. e5 Bf5 4. h4 h5 5. Bd3 Bxd3 6. Qxd3 Qa5+ 7. Nd2 e6 8. Ngf3 Nh6 9. O-O Nf5 10. a4 c5 11. dxc5 Qxc5 12. b3 Qc7 13. c4 dxc4 14. Nxc4 Nc6 15. Bg5 Be7 16. Bxe7 Kxe7 17. Ne3 Nxe3 18. Qxe3 f6 19. Rac1 Qa5 20. exf6+ gxf6 21. Rfe1 e5 22. Nd4 Nxd4 23. Qxd4 Rad8 24. Qe4 Qb6 25. Qf5 Qe6 26. Rc7+ Rd7 27. Rxd7+ Qxd7 28. Rxe5+ fxe5 29. Qxe5+ Qe6 30. Qxh8 Qe1+ 31. Kh2 Qxf2 32. Qxh5 Qf4+ 33. Kh3 Kd6 34. Qf3 Qe5 35. Qg3 1-0

[Event "26th Hit Open-A 2022"]
[Site "Nova Gorica"]
[Date "2022.09.19"]
[Round "6.37"]
[White "Herega, Nejc"]
[Black "Vicic, Mark"]
[Result "1-0"]
[ECO "A31"]
[WhiteElo "2146"]
[BlackElo "1641"]
[Annotator "NA"]
[PlyCount "38"]
[EventDate "2022.09.16"]
[EventType "swiss"]
[EventCountry "SLO"]
[SourceTitle "playchess.com"]
[Source "ChessBase"]
[SourceQuality "1"]
[TimeControl "5400+30"]

1. Nf3 Nf6 2. c4 c5 3. Nc3 Nc6 4. d4 cxd4 5. Nxd4 d5 6. cxd5 Nxd5 7. Nxc6 bxc6 8. Bd2 e5 9. g3 Be6 10. Bg2 Be7 11. Qa4 Qd7 12. O-O O-O 13. Rfd1 Rfd8 14. a3 Qb7 15. b4 Rac8 16. Ne4 Nf6 17. Be3 a6 18. Rxd8+ Bxd8 19. Nd6 Nd5 1-0

[Event "26th Hit Open-A 2022"]
[Site "Nova Gorica"]
[Date "2022.09.19"]
[Round "6.38"]
[White "Gamal, Alaa"]
[Black "Rozman, Monika"]
[Result "0-1"]
[ECO "D13"]
[WhiteElo "1693"]
[BlackElo "2111"]
[Annotator "ChessBase"]
[PlyCount "105"]
[EventDate "2022.09.16"]
[EventType "swiss"]
[EventCountry "SLO"]
[SourceTitle "playchess.com"]
[Source "ChessBase"]
[SourceQuality "1"]
[TimeControl "5400+30"]

1. d4 d5 2. Nf3 Nf6 3. c4 c6 4. cxd5 cxd5 5. Nc3 Nc6 6. Bf4 a6 7. e3 Bf5 8. Be2 e6 9. Qb3 Bb4 10. O-O O-O 11. Na4 b5 12. Nc5 Bxc5 13. dxc5 Ne4 14. Rac1 Qe7 15. Nd4 Nxd4 16. exd4 Rfc8 17. f3 Nf6 18. g4 Bg6 19. h4 h6 20. Qe3 Nd7 21. g5 hxg5 22. hxg5 f6 23. Bd6 Qe8 24. f4 Bf5 25. Rf2 fxg5 26. fxg5 Qg6 27. Qg3 Nf8 28. Rh2 Nh7 29. Bf4 e5 30. dxe5 Rc6 31. Bh5 Qe6 32. Bf3 Be4 33. Bxe4 dxe4 34. Rd2 Qxa2 35. Qe3 Rac8 36. b4 Qe6 37. Qxe4 Qg4+ 38. Rg2 Nxg5 39. Qd5+ Qe6 40. Rd1 Qxd5 41. Rxd5 Nh3+ 42. Kf1 Nxf4 43. Rgd2 Nxd5 44. Rxd5 Kf7 45. Rd7+ Ke6 46. Rxg7 Kxe5 47. Ra7 Kd4 48. Rf7 Kc3 49. Rf4 Rd8 50. Ke1 Rd4 51. Rf3+ Kxb4 52. Rf5 Rxc5 53. Rf6 0-1

[Event "26th Hit Open-A 2022"]
[Site "Nova Gorica"]
[Date "2022.09.19"]
[Round "6.39"]
[White "Oestmann, Lukas"]
[Black "Bajo, Tin"]
[Result "1-0"]
[ECO "C88"]
[WhiteElo "1620"]
[BlackElo "1999"]
[Annotator "NA"]
[PlyCount "97"]
[EventDate "2022.09.16"]
[EventType "swiss"]
[EventCountry "SLO"]
[SourceTitle "playchess.com"]
[Source "ChessBase"]
[SourceQuality "1"]
[TimeControl "5400+30"]

1. e4 e5 2. Nf3 Nc6 3. Bb5 a6 4. Ba4 Nf6 5. O-O Be7 6. Re1 b5 7. Bb3 O-O 8. a4 Rb8 9. axb5 axb5 10. d3 d6 11. Nbd2 h6 12. Nf1 Be6 13. c3 Re8 14. Ne3 Bf8 15. Nd5 Ne7 16. Nxf6+ gxf6 17. Nh4 Qd7 18. Bxe6 fxe6 19. Qh5 Kh7 20. Re3 Bg7 21. Rg3 Rg8 22. Qf7 Qe8 23. Qxe6 Qh5 24. Nf3 Rge8 25. Qd7 Qf7 26. h3 Ra8 27. Rxa8 Rxa8 28. Bd2 Ra1+ 29. Kh2 Rf1 30. Nh4 Rxf2 31. Be3 Re2 32. Nf5 Nxf5 33. Qxf7 Nxg3 34. Bxh6 Kxh6 35. Kxg3 Re3+ 36. Kg4 Kh7 37. Qh5+ Kg8 38. Qe8+ Kh7 39. Qxb5 Bh6 40. Kf5 Rg3 41. Kxf6 Rxg2 42. Ke6 Bc1 43. b4 Bb2 44. c4 Bd4 45. h4 Kh6 46. Qe8 Rg7 47. Qh8+ Rh7 48. Qf6+ Kh5 49. Qg5# 1-0

[Event "26th Hit Open-A 2022"]
[Site "Nova Gorica"]
[Date "2022.09.19"]
[Round "6.40"]
[White "Cirkvencic, Franci"]
[Black "Juvan, Vid"]
[Result "1-0"]
[ECO "D11"]
[WhiteElo "1987"]
[BlackElo "1564"]
[Annotator "NA"]
[PlyCount "37"]
[EventDate "2022.09.16"]
[EventType "swiss"]
[EventCountry "SLO"]
[SourceTitle "playchess.com"]
[Source "ChessBase"]
[SourceQuality "1"]
[TimeControl "5400+30"]

1. d4 Nf6 2. Nf3 d5 3. c4 c6 4. g3 Bf5 5. Bg2 e6 6. O-O h6 7. Nc3 Bd6 8. cxd5 exd5 9. Bf4 Bxf4 10. gxf4 Qd6 11. Ne5 Ne4 12. Nxe4 dxe4 13. Qb3 Qe7 14. Bh3 Bh7 15. d5 f6 16. d6 Qf8 17. Qxb7 fxe5 18. Qc8+ Kf7 19. Qe6# 1-0

[Event "26th Hit Open-A 2022"]
[Site "Nova Gorica"]
[Date "2022.09.19"]
[Round "6.41"]
[White "Petrovcic, Cvetko"]
[Black "Fiolo, Costanza"]
[Result "0-1"]
[ECO "B27"]
[WhiteElo "1602"]
[BlackElo "1768"]
[Annotator "NA COMBH"]
[PlyCount "125"]
[EventDate "2022.09.16"]
[EventType "swiss"]
[EventCountry "SLO"]
[SourceTitle "playchess.com"]
[Source "ChessBase"]
[SourceQuality "1"]
[TimeControl "5400+30"]

1. e4 c5 2. Nf3 g6 3. Bc4 d6 4. d4 cxd4 5. Qxd4 Nf6 6. e5 Nc6 7. Qd3 Bf5 8. Qb3 Nxe5 9. Nxe5 Qa5+ 10. Nc3 Qxe5+ 11. Be3 Be6 12. Qxb7 Rd8 13. Bb5+ Bd7 14. O-O Ng4 15. g3 Nxe3 16. fxe3 Qxe3+ 17. Kg2 Qb6 18. Qd5 e6 19. Rae1 Be7 20. Bxd7+ Rxd7 21. Qf3 O-O 22. b3 Qb7 23. Ne4 Rc7 24. c4 d5 25. cxd5 Qxd5 26. Rd1 Rc2+ 27. Kh1 Qc6 28. a4 f5 29. Nd2 Qxf3+ 30. Nxf3 Bf6 31. Rd7 a5 32. Nd2 Rb8 33. Rd6 Kf7 34. Rd7+ Ke8 35. Rd3 Rd8 36. Rxd8+ Bxd8 37. Nc4 Rc3 38. Rb1 Bc7 39. Rb2 e5 40. Na3 Bb6 41. Nb5 Rc1+ 42. Kg2 Rg1+ 43. Kf3 e4+ 44. Kf4 Rf1+ 45. Ke5 Rf2 46. Nd6+ Kd7 47. Rxf2 Bxf2 48. Nc4 e3 49. Kf6 e2 50. Ne5+ Kd6 51. Nd3 e1=Q 52. Nxe1 Bxe1 53. Kg7 Kc5 54. Kxh7 g5 55. Kg6 f4 56. Kxg5 fxg3 57. hxg3 Bxg3 58. Kg4 Be1 59. Kf3 Kb4 60. Ke2 Bc3 61. Kd1 Kxb3 62. Kc1 Kxa4 63. Kc2 0-1

[Event "26th Hit Open-A 2022"]
[Site "Nova Gorica"]
[Date "2022.09.19"]
[Round "6.43"]
[White "Both, Aaron"]
[Black "Hellsten, Uffe"]
[Result "1-0"]
[ECO "C02"]
[WhiteElo "1963"]
[BlackElo "1732"]
[Annotator "TA"]
[PlyCount "41"]
[EventDate "2022.09.16"]
[EventType "swiss"]
[EventCountry "SLO"]
[SourceTitle "playchess.com"]
[Source "ChessBase"]
[SourceQuality "1"]
[TimeControl "5400+30"]

1. e4 e6 2. d4 d5 3. e5 c5 4. c3 Nc6 5. Nf3 Bd7 6. Be3 Nge7 {[%emt 0:00:33] C02: French: Advance Variation.} 7. Bd3 cxd4 8. cxd4 Nb4 {[%emt 0:00:50] The position is equal.} 9. Be2 Nf5 {[%emt 0:04:48] [#]} 10. a3 $146 ({Predecessor:} 10. Nc3 Be7 11. a3 Nc6 12. O-O Rc8 13. Bd3 Nxe3 14. fxe3 O-O 15. Rc1 g6 16. Kh1 {½-½ (31) Bebchuk,L (2275)-Johnston,A (2370) ICCF email 2012}) 10... Nc6 11. Nc3 Nxe3 12. fxe3 Qb6 13. O-O a5 (13... Qxb2 $2 14. Na4 Qxa1 15. Qxa1 $18) 14. Ng5 (14. Qc2 $16) 14... Nxe5 $1 $11 15. Na4 Qa7 16. Qb3 (16. dxe5 $11 Qxe3+ 17. Kh1 Qxg5 18. Nb6 Qxe5 19. Nxd7 Kxd7 20. Rxf7+ Kd8 {[#]} 21. Qa4 $1) 16... f6 $2 {[%emt 0:11:27][%mdl 8192] [#] Loses the game.} (16... Be7 $17 17. Nxe6 Bxe6 18. dxe5 O-O) 17. Nxe6 Bxe6 18. dxe5 fxe5 $2 (18... O-O-O 19. Rac1+ Kb8 20. exf6 (20. Qc3 Rc8 $11) 20... Rd6) 19. Nb6 Bc5 20. Qb5+ Kd8 21. Qxc5 {[%emt 0:00:09] Weighted Error Value: White=0.48/Black=0.98} 1-0

[Event "26th Hit Open-A 2022"]
[Site "Nova Gorica"]
[Date "2022.09.19"]
[Round "6.44"]
[White "Azinovic, Igor"]
[Black "Budai, Federico"]
[Result "1/2-1/2"]
[ECO "C44"]
[WhiteElo "1814"]
[BlackElo "1712"]
[Annotator "NA COMBH"]
[PlyCount "78"]
[EventDate "2022.09.16"]
[EventType "swiss"]
[EventCountry "SLO"]
[SourceTitle "playchess.com"]
[Source "ChessBase"]
[SourceQuality "1"]
[TimeControl "5400+30"]

1. e4 e5 2. Nf3 Nc6 3. c3 Nf6 4. d4 exd4 5. e5 Nd5 6. cxd4 Bb4+ 7. Nbd2 O-O 8. Qb3 Nce7 9. Bc4 Bxd2+ 10. Bxd2 Nb6 11. Bd3 d6 12. O-O dxe5 13. dxe5 Be6 14. Qc2 h6 15. Bc3 Ned5 16. Rad1 Qe7 17. Bd2 Bg4 18. Be4 Rad8 19. Rfe1 c6 20. h3 Bxf3 21. Bxf3 Nb4 22. Bxb4 Qxb4 23. a3 Qe7 24. Bg4 Rxd1 25. Qxd1 g6 26. e6 fxe6 27. Bxe6+ Kg7 28. Bg4 Qf6 29. Qc2 h5 30. Bf3 Rf7 31. Be4 Nd7 32. Re3 Ne5 33. Rg3 h4 34. Re3 Nc4 35. Rf3 Qe6 36. Rxf7+ Qxf7 37. Bxg6 Qxg6 38. Qxc4 Qb1+ 39. Kh2 Qxb2 1/2-1/2